AoeStats
← Zian_moon

Yucatan

503288296Analyzed
3v3 RM · 3mo ago on Aug 31, 2026· 20m 48s· 6 players
Game mode
Random Map
Map size
Normal (6 player)
Population
200
Speed
Normal
Resources
Standard
Victory
Conquest
Starting age
Dark Age
Ending age
Imperial Age
RankedLock teamsTeams togetherTeam positionsShared explorationLock speedFull tech treeHidden civsTurbo modeCheats
Victory
Defeat
🇨🇴 Persians · Colombia
849
+12
🇧🇷 Burgundians · Brazil
791
+15
🇵🇪 Mongols · Peru
750
+17
vs
🇺🇸 Mapuche · United States
814
-17
🇺🇸 Malay · United States
754
-14
🇺🇸 Mongols · United States
723
-13
Vândalo
6:08 Double-Bit Axe
14:45 Feudal Age
14:55 Man-at-Arms
20:26 Castle Age
20:30 Forging
20:22 Scale Mail Armor
20:46 Stone Mining
Zian_moon
5:01 Loom
12:21 Feudal Age
16:53 Castle Age
17:18 Forging
17:14 Scale Barding Armor
17:51 Husbandry
18:04 Bloodlines
hitmanvoodly
5:23 Loom
10:13 Feudal Age
10:45 Town Watch
10:49 Double-Bit Axe
15:59 Wheelbarrow
16:14 Forging
16:19 Bloodlines
17:00 Scale Barding Armor
17:23 Horse Collar
21:15 Castle Age
Lumbyy
13:41 Feudal Age
14:04 Double-Bit Axe
15:51 Fishing Lines
16:55 Fletching
17:05 Padded Archer Armor
19:24 Castle Age
XFREDJRX
3:32 Loom
12:52 Feudal Age
14:46 Wheelbarrow
14:00 Double-Bit Axe
HalfWood1
7:35 Loom
11:55 Feudal Age
15:08 Double-Bit Axe
15:47 Fishing Lines
17:23 Fletching
17:34 Padded Archer Armor
17:48 Forging
17:39 Scale Mail Armor
20:00 Castle Age
20:52 Bow Saw
Connection lost

Rejoining the realm…

Still unreachable

The connection could not be restored.

Session expired

The server has moved on; the page needs a fresh start.